 Dungeon Crawl Stone Soup version 0.17-a0-1020-ge683cc4 (webtiles) character file.

357 Siq the Insei (level 6, -7/47 HPs)
             Began as a Demonspawn Monk on May 16, 2015.
             Killed from afar by Dowan (12 damage)
             ... with a shard of ice
             ... on level 4 of the Dungeon.
             The game lasted 00:05:17 (2492 turns).

Siq the Insei (Demonspawn Monk)                     Turns: 2492, Time: 00:05:19

Health: -7/47      AC:  5    Str: 16    XL:     6   Next: 37%
Magic:  6/6        EV: 12    Int: 17    God:
Gold:   163        SH:  0    Dex: 17    Spells: 0 memorised, 5 levels left

rFire  . . .     SeeInvis .       - Unarmed
rCold  . . .     Clarity  .     i - +0 ring mail
rNeg   . . .     SustAb   .     (no shield)
rPois  .         Gourm    .     (no helmet)
rElec  .         Spirit   .     (no cloak)
rCorr  .         Warding  .     (no gloves)
rMut   .         Stasis   .     (no boots)
MR     .....                    (no amulet)
Stlth  +.........               (no ring)
                                (no ring)

@: mighty, brilliant, not resistant to hostile enchantments, very unstealthy
A: talons 1
a: no special abilities


You were on level 4 of the Dungeon.
You were not hungry.

You visited 1 branch of the dungeon, and saw 4 of its levels.

You collected 163 gold pieces.

Inventory:

Missiles
 c - a throwing net (quivered)
Armour
 i - a +0 ring mail (worn)
Jewellery
 q - an uncursed amulet of warding {unknown}
Magical devices
 f - a wand of confusion (5)
Scrolls
 a - 3 scrolls of teleportation {unknown}
 e - 2 scrolls of identify {unknown}
 g - 3 scrolls of remove curse {unknown}
 k - a scroll of amnesia {unknown}
 o - a scroll of fear {unknown}
 p - a scroll of blinking {unknown}
 s - a scroll of enchant weapon {unknown}
Potions
 d - 4 potions of flight
Comestibles
 b - 4 bread rations
 m - a beef jerky
 n - 2 meat rations
 r - a fruit


   Skills:
 - Level 3.0 Fighting
 - Level 2.6 Dodging
 - Level 1.7 Stealth
 + Level 7.0 Unarmed Combat


You had 5 spell levels left.
You didn't know any spells.

Dungeon Overview and Level Annotations

Branches:
Dungeon (4/15)
 Temple: D:4-7

Altars:
Ashenzari
Dithmenos
Kikubaaqudgha
Qazlal
Vehumet
Xom
Yredelemnul

Annotations:
D:4 Dowan


Innate Abilities, Weirdness & Mutations

You have sharp toenails.


Message History

You have reached level 6!
Your experience leads to an increase in your attributes!
Your base attributes are Str 11, Int 12, Dex 16.
Increase (S)trength, (I)ntelligence, or (D)exterity?
You feel agile. Dowan hits you with a dagger.
* * * LOW HITPOINT WARNING * * *
Dowan hits you with a dagger.
* * * LOW HITPOINT WARNING * * *
Drink which item? (? for menu, Esc to quit)
It was a potion of might.
You feel very mighty all of a sudden. Dowan closely misses you.
You punch Dowan! You claw Dowan, but do no damage.
Dowan is severely wounded.
Dowan points at you and mumbles some strange words.
The stone arrow misses you.
Dowan points at you and mumbles some strange words.
The shard of ice hits you!
You die...

# ....# . ##...# ## ##.
....##..# #.# ###..##.....
.# ..# ........#.# .### #
... ..........# ... ...
#.# ###...###.#....# #..
.. ..#)............ #.# #
#.##.#.@e###....... #.#
#.#.##.##.#.).###..###..
#.###.#.##.##.#..........
...........##.#........#.#
#.###.............#....#.#
#.# #...##....##.......# #
#.###...##..............
...##...##.##.#####.#...
#..##............. .#..#


You could see Dowan.

Vanquished Creatures
  Sigmund (D:2)
  Duvessa (D:4)
  2 adders (D:2)
  2 worms (D:2)
  2 giant geckos
  6 orcs
  2 ball pythons (D:1)
  10 goblins
  11 hobgoblins
  2 jackals (D:1)
  5 kobolds
  11 bats
  2 giant cockroaches (D:1)
  4 giant newts
  A quokka (D:3)
  5 rats
67 creatures vanquished.

Vanquished Creatures (others)
  3 jackals (D:2)
3 creatures vanquished.

Grand Total: 70 creatures vanquished

Notes
Turn   | Place    | Note
--------------------------------------------------------------
     0 | D:1      | Siq the Demonspawn Monk began the quest for the Orb.
     0 | D:1      | Reached XP level 1. HP: 18/18 MP: 1/1
    86 | D:1      | Reached skill level 4 in Unarmed Combat
   271 | D:1      | Gained mutation: You have sharp toenails. [demonic ancestry]
   271 | D:1      | Reached XP level 2. HP: 22/24 MP: 2/2
   704 | D:1      | Reached XP level 3. HP: 29/29 MP: 3/3
   898 | D:2      | Found an ancient bone altar of Kikubaaqudgha.
   980 | D:2      | Found a radiant altar of Vehumet.
  1007 | D:2      | Noticed Sigmund
  1034 | D:2      | Killed Sigmund
  1034 | D:2      | Reached skill level 6 in Unarmed Combat
  1034 | D:2      | Reached XP level 4. HP: 28/35 MP: 4/4
  1034 | D:2      | Reached XP level 5. HP: 32/41 MP: 5/5
  1083 | D:2      | Found a basalt altar of Yredelemnul.
  1141 | D:2      | Found a shadowy altar of Dithmenos.
  1468 | D:2      | Found a shimmering altar of Xom.
  1473 | D:2      | Found a stormy altar of Qazlal.
  1474 | D:2      | Found a shattered altar of Ashenzari.
  2466 | D:4      | Noticed Duvessa
  2477 | D:4      | Noticed Dowan
  2490 | D:4      | Killed Duvessa
  2490 | D:4      | Reached skill level 7 in Unarmed Combat
  2490 | D:4      | Reached XP level 6. HP: 6/47 MP: 6/6
  2492 | D:4      | Killed from afar by Dowan

Vault maps used:
D:1:      eino_arrival_water_star, st_stairs_6, nrook_uturn
D:2:      kiku_gazebo_garden_becter, fiery_altar_vehumet, minitemple,
          yredelemnul_altar_generic, nicolae_dithmenos_through_a_glass_darkly,
          uniq_sigmund
D:3:      first_bread, minmay_misc_feat_doors
D:4:      zin_scriptorium, minmay_temple_entry_fiery, uniq_edmund, uniq_grinder,
          uniq_duvessa

Action                   |  1- 3 |  4- 6 || total
-------------------------+-------+-------++-------
Melee: Unarmed           |   131 |    99 ||   230
Evoke: Wand              |       |     1 ||     1
  Use: Potion            |     4 |     3 ||     7
  Eat: Chunk             |       |     5 ||     5
